 Dungeon Crawl Stone Soup version 0.25-a0-353-ged6d54792d (webtiles) character file.

Game seed: 10303175183516764675, levelgen mode: deterministic

604 Inarius the Chopper (level 7, -4/52 HPs)
             Began as a Mummy Gladiator on Jan 2, 2020.
             Was an Initiate of Gozag.
             Slain by an ogre
             ... wielding a +0 giant club
              (19 damage)
             ... on level 5 of the Dungeon.
             The game lasted 00:06:06 (4564 turns).

Inarius the Chopper (Mummy Gladiator)               Turns: 4564, Time: 00:06:07

Health: -4/52      AC: 15    Str: 20    XL:     7   Next: 18%
Magic:  8/8        EV:  9    Int:  7    God:    Gozag
Gold:   318        SH:  3    Dex: 13    Spells: 6/6 levels left

rFire    x . .     SeeInvis .   a - +0 war axe
rCold    + . .     Gourm    .   (no shield)
rNeg     + + +     Faith    .   u - +0 chain mail
rPois    ∞         Spirit   .   j - +2 hat
rElec    .         Reflect  +   (no cloak)
rCorr    .         Harm     .   w - +2 pair of gloves
MR       .....                  t - +0 pair of boots
Stlth    ..........             p - +3 amulet of reflection
HPRegen  0.17/turn              (no ring)
MPRegen  0.11/turn              (no ring)

@: no status effects
A: no food or potions, fire vulnerability, cold resistance 1, negative energy
resistance 3, torment resistance, unbreathing
a: Potion Petition, Call Merchant, Bribe Branch, Renounce Religion


You were on level 5 of the Dungeon.
You worshipped Gozag.
Gozag was aware of your devotion.
You were not hungry.

You visited 2 branches of the dungeon, and saw 6 of its levels.

You collected 409 gold pieces.
You paid 91 gold pieces to Gozag.

Inventory:

Hand Weapons
 a - a +0 war axe (weapon)
 h - a +2 mace of protection
Missiles
 d - 2 throwing nets
 v - 4 javelins (quivered)
Armour
 c - a +0 helmet
 j - a +2 hat (worn)
 k - a +0 ring mail
 t - a +0 pair of boots (worn)
 u - a +0 chain mail (worn)
 w - a +2 pair of gloves (worn)
Jewellery
 g - an uncursed amulet of the acrobat
 i - an uncursed ring of ice
 p - a +3 amulet of reflection (around neck)
Wands
 s - a wand of polymorph (5)
Scrolls
 b - 2 scrolls of fear
 e - a scroll of magic mapping
 f - a scroll of identify
 l - a scroll of amnesia
 m - a scroll of remove curse
 n - a scroll of enchant armour
 o - a scroll of noise {unknown}
 q - a scroll of immolation
 r - 2 scrolls of teleportation {unknown}


   Skills:
 + Level 3.0 Fighting
 * Level 5.2 Axes
 + Level 1.7 Throwing
 + Level 2.2 Armour
 - Level 3.1 Dodging
 * Level 1.9 Evocations


You had 6 spell levels left.
You didn't know any spells.
Your spell library contained the following spells:

 Spells                   Type           Power        Failure   Level  Hunger
 Magic Dart               Conj           #...         99%         1    N/A
 Blink                    Tloc           N/A          100%        2    N/A
 Call Imp                 Summ           #.......     100%        2    N/A
 Slow                     Hex            #.......     100%        2    N/A
 Conjure Flame            Conj/Fire      #.......     100%        3    N/A
 Mephitic Cloud           Conj/Pois/Air  #.......     100%        3    N/A

Dungeon Overview and Level Annotations

Branches:
Dungeon (5/15)             Temple (1/1) D:4

Altars:
Cheibriados
Fedhas
Gozag
Hepliaklqana
Kikubaaqudgha
Makhleb
Qazlal
Uskayaw
Wu Jian

Annotations:
D:4 1 runed translucent door, Crazy Yiuf, Robin


Innate Abilities, Weirdness & Mutations

You do not eat or drink.
Your flesh is vulnerable to fire.
You are immune to poison.
Your flesh is cold resistant. (rC+)
You are immune to negative energy. (rN+++)
You are immune to unholy pain and torment.
You can survive without breathing.


Message History

You are too injured to fight recklessly!
You are too injured to fight recklessly!
You are too injured to fight recklessly!
You are too injured to fight recklessly!
You are too injured to fight recklessly!
You are too injured to fight recklessly!
Unknown command.
You hit the ogre but do no damage.
The ogre is severely wounded.
You barely miss the giant cockroach.
The giant cockroach bites you but does no damage.
The ogre hits you with a +0 giant club!
* * * LOW HITPOINT WARNING * * *
The giant cockroach barely misses you.
You hit the ogre.
The ogre is almost dead.
You closely miss the giant cockroach.
The ogre hits you with a +0 giant club!!
You die...
Your body crumbles into a pile of gold.

...............#
............#..#
............#..#
...........##..#
..........####.#
..........# #.##
.........## #..#
.........# #..##
.......).##
#..@#
.....###..#
##.Os.#
....####..#
##...... ...##
#...# #.......#
..## #...#
#......## .##
....# #......#
## .....#
.......# #
....... .(.....#
# #........


You could see an ogre and a giant cockroach.

Vanquished Creatures
  A sky beast (D:4)
  2 phantoms (D:5)
  A centaur (D:5)
  Ijyb (D:3)
  2 worker ants (D:5)
  5 gnolls
  8 adders
  An ooze (D:2)
  3 dart slugs
  2 leopard geckos
  An orc (D:3)
  9 goblins
  4 hobgoblins
  7 jackals
  A quokka (D:3)
  3 bats
  7 frilled lizards
  6 kobolds
  10 rats
74 creatures vanquished.

Vanquished Creatures (others)
  A goblin (D:3)
1 creature vanquished.

Grand Total: 75 creatures vanquished

Notes
Turn   | Place    | Note
-------+----------+-------------------------------------------
     0 | D:1      | Inarius the Mummy Gladiator began the quest for the Orb.
     0 | D:1      | Reached XP level 1. HP: 16/16 MP: 1/1
   293 | D:1      | Reached XP level 2. HP: 22/22 MP: 2/2
   887 | D:2      | Reached XP level 3. HP: 28/28 MP: 3/3
   944 | D:2      | Reached skill level 3 in Axes
   960 | D:2      | Found a hazy altar of Hepliaklqana.
  1307 | D:1      | Reached XP level 4. HP: 18/34 MP: 4/4
  1804 | D:2      | Reached skill level 1 in Armour
  2097 | D:3      | Noticed Ijyb
  2102 | D:3      | Killed Ijyb
  2102 | D:3      | Reached XP level 5. HP: 39/39 MP: 5/5
  2235 | D:3      | Found a stormy altar of Qazlal.
  2370 | D:3      | Noticed Terence
  2403 | D:3      | Noticed Terence
  2403 | D:3      | Terence changed into Terence the bat
  2413 | D:3      | Killed Terence the bat
  2676 | D:3      | Found a blossoming altar of Fedhas.
  3042 | D:3      | Reached skill level 4 in Axes
  3293 | D:4      | Found a runed translucent door.
  3294 | D:4      | Noticed Crazy Yiuf
  3324 | D:4      | Found a staircase to the Ecumenical Temple.
  3329 | Temple   | Entered the Ecumenical Temple
  3368 | Temple   | Became a worshipper of Gozag Ym Sagoz the Greedy
  3463 | D:4      | Noticed Robin
  3726 | D:4      | Found a snail-covered altar of Cheibriados.
  3728 | D:4      | Found an ornate altar of the Wu Jian Council.
  3951 | D:5      | Entered Level 5 of the Dungeon
  3951 | D:5      | Noticed a sky beast
  3951 | D:5      | Noticed a centaur
  4046 | D:4      | Killed a sky beast
  4046 | D:4      | Reached skill level 1 in Evocations
  4046 | D:4      | Reached XP level 6. HP: 22/46 MP: 6/6
  4258 | D:5      | Found a burning altar of Makhleb.
  4348 | D:5      | Reached skill level 5 in Axes
  4348 | D:5      | Reached XP level 7. HP: 36/52 MP: 8/8
  4564 | D:5      | Slain by an ogre

Levels and vault maps discovered:
D:1:      dpeg_arrival_three_same_balls, layout_basic, minmay_heptomino_l4
D:2:      layout_basic, lemuel_round_altar, first_ration, hex_tiny
D:3:      layout_loops_ring, fedhas_altar_4, lemuel_round_altar, minivault_25,
          kennysheep_generic_room_7, uniq_ijyb, uniq_terence
D:4:      layout_loops_ring, nicolae_overflow_hidden_temple, temple_doors_e,
          uniq_crazy_yiuf_cottage, uniq_robin
D:5:      layout_layer_cave, kennysheep_mini_moat
Temple:   bh_familiar_temple

Skill      XL: |  1  2  3  4  5  6 |
---------------+-------------------+-----
Axes           | 3 4 5 |  5.2
Armour         | 1 2 |  2.2
Dodging        | 3 |  3.1
Evocations     | 1 |  1.9
Fighting       | 3 |  3.0
Throwing       | |  1.7

Action                   |  1- 3 |  4- 6 |  7- 9 || total
-------------------------+-------+-------+-------++-------
Melee: War axe           |    96 |   167 |    25 ||   288
Throw: Throwing net      |       |     4 |       ||     4
       Javelin           |       |       |     4 ||     4
Evoke: Wand              |       |     1 |       ||     1
  Use: Scroll            |       |    10 |       ||    10
Armor: Leather armour    |    17 |       |       ||    17
       Ring mail         |    19 |    25 |       ||    44
       Chain mail        |       |    72 |    10 ||    82
Dodge: Dodged            |    99 |    82 |    15 ||   196
Block: Other             |       |    19 |     3 ||    22
       Reflection        |       |     1 |       ||     1

Table legend:
 A = Non-vault XP
 B = Vault XP
 C = Vault XP percentage of total XP
 D = Non-vault monster count
 E = Vault monster count
 F = Vault count percentage of total count
                 A         B        C        D         E       F
            +---------+---------+-------+---------+---------+-------
      Total |     806 |      58 |   6.7 |      69 |       6 |   8.0
            +---------+---------+-------+---------+---------+-------
        D:1 |      72 |       6 |   7.7 |      19 |       2 |   9.5
        D:2 |      85 |       0 |   0.0 |      23 |       0 |   0.0
        D:3 |      21 |      52 |  71.2 |      12 |       4 |  25.0
        D:4 |     188 |       0 |   0.0 |       8 |       0 |   0.0
        D:5 |     440 |       0 |   0.0 |       7 |       0 |   0.0
            +---------+---------+-------+---------+---------+-------
